[Event "Titled Tuesday Blitz July 4 Late 2023"]
[White "Shubenkova, Veronika"]
[Black "Moroni, Luca Jr"]
[WhiteFideId "44124040"]
[BlackFideId "865834"]
[WhiteElo "2539"]
[BlackElo "2854"]
[Result "1-0"]
[Round "2"]
[TimeControl "180+2"]
[Date "2023.07.04"]
[WhiteClock "0:00:16"]
[BlackClock "0:00:45"]
[Board "34"]

1. e4 e6 2. d4 d5 3. exd5 exd5 4. Nf3 Nc6 5. c3 Bd6 6. Bd3 Nge7 7. O-O Bg4 8. Bg5 f6 9. Bh4 Qd7 10. Nbd2 O-O-O 11. a4 g5 12. Bg3 h5 13. Bxd6 Qxd6 14. b4 Rde8 15. a5 h4 16. h3 Bh5 17. b5 Nd8 18. b6 a6 19. bxc7 Qxc7 20. Qb1 g4 21. Bf5+ Nxf5 22. Qxf5+ Qd7 23. hxg4 Bxg4 24. Qf4 Reg8 25. c4 Ne6 26. Qh2 h3 27. g3 dxc4 28. Nxc4 Bxf3 29. Nb6+ Kd8 30. Nxd7 Kxd7 31. d5 Ng5 32. Ra3 Bg2 33. f4 Ne4 34. Rb1 Rc8 35. Rxb7+ Kd8 36. Rb1 Rh5 37. g4 Rxd5 38. f5 Nd2 39. Re1 Kd7 40. Qf4 Rc2 41. Qa4+ Rc6 42. Qf4 Rc2 43. Rae3 Re5 44. Rxe5 fxe5 45. Qa4+ Rc6 46. Rd1 Kc7 47. Rxd2 e4 48. Rxg2 hxg2 49. Qxe4 Rd6 50. Kxg2 1-0


[Site "https://www.chess.com"]

[Event "Titled Tuesday Blitz July 4 Late 2023"]
[White "Henriquez Villagra, Cristobal"]
[Black "Osmak, Yuliia"]
[WhiteFideId "3409350"]
[BlackFideId "14101602"]
[WhiteElo "2851"]
[BlackElo "2539"]
[Result "1-0"]
[Round "2"]
[TimeControl "180+2"]
[Date "2023.07.04"]
[WhiteClock "0:00:05"]
[BlackClock "0:00:00"]
[Board "35"]

1. Nf3 c5 2. d3 Nc6 3. e4 d6 4. Be2 Nf6 5. O-O g6 6. Re1 Bg7 7. Bf1 Bg4 8. Nbd2 O-O 9. h3 Bxf3 10. Nxf3 b5 11. c3 Nd7 12. d4 b4 13. Be3 a5 14. Rc1 Rb8 15. Qd2 Qb6 16. Red1 Rfc8 17. Bc4 Qc7 18. dxc5 Nxc5 19. Bxc5 dxc5 20. Qd5 Ne5 21. Nxe5 e6 22. Qd3 Bxe5 23. g3 Rd8 24. Qf3 bxc3 25. bxc3 Rb2 26. Rxd8+ Qxd8 27. Rd1 Rd2 28. Rb1 a4 29. Rb7 Rd7 30. Rb5 Qc7 31. Qe3 Rd1+ 32. Kg2 Bd6 33. h4 h5 34. Qe2 Ra1 35. Qb2 Re1 36. Qd2 Ra1 37. Qb2 Re1 38. Be2 Bf8 39. Bf3 Qe5 40. Qc2 Bg7 41. Qxa4 Qxc3 42. Rb7 Qa1 43. Qe8+ Kh7 44. Qxf7 Rg1+ 45. Kh2 Rf1 46. Bg2 Rb1 47. Rd7 Rd1 48. Rc7 Rc1 49. f4 Rc2 50. e5 Rxg2+ 51. Kxg2 1-0


[Site "https://www.chess.com"]

[Event "Titled Tuesday Blitz July 4 Late 2023"]
[White "Poltorak, Sebastian"]
[Black "Grigoriants, Sergey"]
[WhiteFideId "1199498"]
[BlackFideId "4130804"]
[WhiteElo "2536"]
[BlackElo "2851"]
[Result "1/2-1/2"]
[Round "2"]
[TimeControl "180+2"]
[Date "2023.07.04"]
[WhiteClock "0:01:29"]
[BlackClock "0:01:03"]
[Board "36"]

1. d4 Nf6 2. c4 g6 3. f3 c5 4. d5 Bg7 5. e4 O-O 6. Ne2 e6 7. Nec3 a6 8. a4 d6 9. Be3 Nh5 10. Qd2 f5 11. Bd3 f4 12. Bf2 Nd7 13. Na3 Ne5 14. O-O Nxd3 15. Qxd3 e5 16. Rfb1 a5 17. Kf1 b6 18. Ke2 g5 19. h3 Nf6 20. Rh1 h5 21. Rag1 Kf7 22. Nab5 Ne8 23. Kd2 Bf6 24. Kc2 Nc7 25. Nxc7 Qxc7 26. Nb5 Qd8 27. Kb1 Rh8 28. g3 fxg3 29. Bxg3 Qe7 30. Bf2 Ba6 31. Be3 Rag8 32. Qd2 Bc8 33. Rg3 Rg7 34. Rhg1 h4 35. Rg4 Bxg4 36. fxg4 Kg6 37. Rf1 Qd8 38. Rf5 Be7 39. Nc3 Rf8 40. Qf2 Rgf7 1/2-1/2


[Site "https://www.chess.com"]

[Event "Titled Tuesday Blitz July 4 Late 2023"]
[White "Pichot, Alan"]
[Black "Tikhonov, Viacheslav"]
[WhiteFideId "110973"]
[BlackFideId "44196407"]
[WhiteElo "2837"]
[BlackElo "2536"]
[Result "1/2-1/2"]
[Round "2"]
[TimeControl "180+2"]
[Date "2023.07.04"]
[WhiteClock "0:00:10"]
[BlackClock "0:00:05"]
[Board "37"]

1. e4 c5 2. Nf3 d6 3. Bb5+ Bd7 4. Bxd7+ Qxd7 5. O-O Nc6 6. c3 Nf6 7. Qe2 e6 8. d4 cxd4 9. cxd4 d5 10. e5 Ne4 11. Nbd2 Nxd2 12. Bxd2 Bb4 13. Rac1 Bxd2 14. Qxd2 h6 15. b4 a6 16. Rc5 O-O 17. Rfc1 Rfc8 18. h3 Ne7 19. Qc2 Rc6 20. a4 Rac8 21. Qb3 b6 22. Rxc6 Rxc6 23. Rxc6 Qxc6 24. b5 axb5 25. axb5 Qc1+ 26. Kh2 Qf4+ 27. g3 Qe4 28. Qc3 Nf5 29. g4 Ne7 30. Kg3 Ng6 31. h4 Nf4 32. Qe3 Ne2+ 33. Kg2 Qxe3 34. fxe3 Nc3 35. Ne1 Nxb5 36. Nd3 Na3 37. Nb4 Nc4 38. Kf3 f6 39. exf6 gxf6 40. Kf4 Kf7 41. e4 e5+ 42. dxe5 fxe5+ 43. Kf5 d4 44. Nd3 b5 45. g5 hxg5 46. hxg5 Kg7 47. Nb4 Kf7 48. Nd3 Kg7 49. Nc5 b4 50. g6 Ne3+ 51. Kg5 b3 52. Nxb3 d3 53. Nd2 Nc2 54. Kf5 Ne3+ 55. Kg5 Nc2 56. Nc4 Nd4 57. Kh5 Ne6 58. Kg4 Kxg6 59. Nxe5+ Kf6 60. Nxd3 Nd4 61. Kf4 Ke7 62. Ke5 Ne6 63. Nf4 Ng5 64. Kf5 Nxe4 1/2-1/2


[Site "https://www.chess.com"]

[Event "Titled Tuesday Blitz July 4 Late 2023"]
[White "Kantor, Gergely"]
[Black "Rottenwohrer Suarez, Juan"]
[WhiteFideId "751499"]
[BlackFideId "32068182"]
[WhiteElo "2828"]
[BlackElo "2534"]
[Result "1-0"]
[Round "2"]
[TimeControl "180+2"]
[Date "2023.07.04"]
[WhiteClock "0:00:27"]
[BlackClock "0:00:00"]
[Board "38"]

1. e4 c5 2. Nf3 g6 3. d4 cxd4 4. Nxd4 Nc6 5. c4 Nf6 6. Nc3 d6 7. f3 Bg7 8. Be3 O-O 9. Be2 Nxd4 10. Bxd4 Be6 11. O-O Qa5 12. Rc1 Rfc8 13. b3 Nd7 14. Kh1 Bxd4 15. Qxd4 a6 16. f4 f6 17. f5 gxf5 18. exf5 Bf7 19. Bf3 Rab8 20. Bd5 Ne5 21. Qh4 b5 22. Bxf7+ Nxf7 23. Nd5 Rb7 24. cxb5 Rxc1 25. Rxc1 Qxb5 26. Qg4+ Ng5 27. Nf4 Rc7 28. Rd1 Kh8 29. Nh5 Rc5 30. h4 Rxf5 31. Ng3 Rd5 32. Rxd5 Qxd5 33. hxg5 fxg5 34. Nh5 Qc6 35. Qxg5 1-0


[Site "https://www.chess.com"]

[Event "Titled Tuesday Blitz July 4 Late 2023"]
[White "WindWhistler11"]
[Black "Ozen, Bahadir"]
[BlackFideId "6337058"]
[WhiteElo "2533"]
[BlackElo "2825"]
[Result "0-1"]
[Round "2"]
[TimeControl "180+2"]
[Date "2023.07.04"]
[WhiteClock "0:00:00"]
[BlackClock "0:00:42"]
[Board "39"]

1. Nf3 g6 2. c4 Bg7 3. g3 Nf6 4. Bg2 O-O 5. O-O d6 6. Nc3 c6 7. b4 Be6 8. Qb3 Qc8 9. Re1 Bh3 10. Bh1 a5 11. b5 Nbd7 12. d4 h6 13. a4 Re8 14. Ba3 Qc7 15. Rad1 Bf8 16. e4 e5 17. dxe5 dxe5 18. Bxf8 Rxf8 19. Qa3 Qb6 20. bxc6 bxc6 21. Rb1 Qa7 22. Qd6 Ng4 23. Re2 Rac8 24. Nh4 Ndf6 25. Nxg6 fxg6 26. c5 Qf7 27. f3 Rfd8 28. fxg4 Rxd6 29. cxd6 Qa7+ 0-1


[Site "https://www.chess.com"]

[Event "Titled Tuesday Blitz July 4 Late 2023"]
[White "Oro, Faustino"]
[Black "Prem, Pranav"]
[WhiteFideId "20000197"]
[BlackFideId "30901057"]
[WhiteElo "2825"]
[BlackElo "2533"]
[Result "1-0"]
[Round "2"]
[TimeControl "180+2"]
[Date "2023.07.04"]
[WhiteClock "0:00:05"]
[BlackClock "0:00:00"]
[Board "40"]

1. e4 c5 2. Nf3 d6 3. d4 cxd4 4. Nxd4 Nf6 5. Nc3 a6 6. Be3 e5 7. Nf3 Be7 8. Bc4 O-O 9. O-O b5 10. Bd5 b4 11. Ne2 Nxd5 12. Qxd5 Qc7 13. Ng3 Bb7 14. Qd3 Nd7 15. Nf5 Nf6 16. Nd2 d5 17. Bg5 dxe4 18. Qg3 Qd7 19. Nxe7+ Qxe7 20. Nc4 Qe6 21. Ne3 Kh8 22. Qh4 Nd5 23. Ng4 f6 24. Bd2 f5 25. Ne3 Nf4 26. Rfe1 Rad8 27. Bxb4 Rfe8 28. Rad1 Rxd1 29. Rxd1 Ng6 30. Qg5 f4 31. Nf5 Qc4 32. Nd6 Qe2 33. Re1 1-0


[Site "https://www.chess.com"]

[Event "Titled Tuesday Blitz July 4 Late 2023"]
[White "Bagrationi, Alexander"]
[Black "Stribuk, Artiom"]
[WhiteFideId "14104954"]
[BlackFideId "13515659"]
[WhiteElo "2530"]
[BlackElo "2810"]
[Result "0-1"]
[Round "2"]
[TimeControl "180+2"]
[Date "2023.07.04"]
[WhiteClock "0:02:15"]
[BlackClock "0:02:08"]
[Board "41"]

1. d4 Nf6 2. Nf3 g6 3. g3 Bg7 4. b3 d5 5. Bb2 O-O 6. Bg2 c6 7. O-O Bf5 8. e3 a5 9. a4 Nbd7 10. Qe2 Qb6 11. c4 Qxb3 12. Rc1 Bd3 13. Qd2 Ne4 0-1


[Site "https://www.chess.com"]

[Event "Titled Tuesday Blitz July 4 Late 2023"]
[White "ElDivis"]
[Black "Perez Ponsa, Federico"]
[BlackFideId "117927"]
[WhiteElo "2527"]
[BlackElo "2804"]
[Result "1/2-1/2"]
[Round "2"]
[TimeControl "180+2"]
[Date "2023.07.04"]
[WhiteClock "0:00:09"]
[BlackClock "0:00:35"]
[Board "42"]

1. Nf3 Nf6 2. c4 e6 3. d4 d5 4. Nc3 dxc4 5. e3 a6 6. Bxc4 b5 7. Bd3 Bb7 8. a3 c5 9. O-O Nbd7 10. Re1 Be7 11. e4 cxd4 12. Nxd4 Ne5 13. Bf1 Bc5 14. Be3 Nfg4 15. Nxe6 Qxd1 16. Nxg7+ Kf8 17. Bxc5+ Qd6 18. Bxd6+ Kxg7 19. h3 Rhd8 20. Rad1 Nxf2 21. Bxe5+ f6 22. Bxf6+ Kxf6 23. Kxf2 Ke5 24. Rxd8 Rxd8 25. Nd5 Rc8 26. Ke3 Rc2 27. Re2 Rc1 28. Rf2 Re1+ 29. Kd2 Rxe4 30. Nc3 Rd4+ 31. Bd3 Rh4 32. Re2+ Kd6 33. Be4 Bc8 34. Bf3 Kc5 35. Ne4+ Kb6 36. Nc3 Bd7 37. Re7 Rd4+ 38. Ke3 Rd6 39. Rxh7 a5 40. b4 axb4 41. axb4 Re6+ 42. Kd4 Bc6 43. Bxc6 Rxc6 44. Nd5+ Ka6 45. Nc7+ Kb6 46. Nd5+ Ka6 47. Rf7 Rc4+ 48. Kd3 Rd4+ 49. Kc3 Rd3+ 50. Kc2 Rd2+ 51. Kb3 Rb2+ 52. Kc3 Rc2+ 53. Kd4 Rc4+ 54. Ke5 Re4+ 55. Kd6 Re6+ 56. Kd7 Rd6+ 57. Ke8 Rd8+ 58. Ke7 Re8+ 59. Kf6 Re6+ 60. Kg7 Rg6+ 61. Kf8 Rg8+ 62. Ke7 Re8+ 63. Kd6 Re6+ 64. Kc7 Rc6+ 65. Kd8 Rc8+ 66. Kd7 Rd8+ 67. Ke6 Rd6+ 68. Ke5 Re6+ 69. Kf4 Re4+ 70. Kg3 Rg4+ 71. Kh2 Rxg2+ 72. Kh1 Rg1+ 73. Kh2 Rg2+ 74. Kh1 Rg1+ 75. Kh2 Rg2+ 1/2-1/2


[Site "https://www.chess.com"]

[Event "Titled Tuesday Blitz July 4 Late 2023"]
[White "Talibov, Shiroghlan"]
[Black "Droin, Augustin"]
[WhiteFideId "13429078"]
[BlackFideId "45105987"]
[WhiteElo "2800"]
[BlackElo "2527"]
[Result "1-0"]
[Round "2"]
[TimeControl "180+2"]
[Date "2023.07.04"]
[WhiteClock "0:00:09"]
[BlackClock "0:00:05"]
[Board "43"]

1. d4 Nf6 2. c4 e6 3. Nf3 d5 4. Nc3 c6 5. Bg5 h6 6. Bxf6 Qxf6 7. e3 g6 8. Rc1 Bg7 9. cxd5 exd5 10. Nxd5 Qd8 11. Nc3 O-O 12. Bc4 b5 13. Bb3 Bb7 14. O-O a6 15. Qc2 Kh7 16. Ne4 Qe7 17. Nc5 Bc8 18. h3 Nd7 19. Rfd1 a5 20. a3 Rb8 21. Nxd7 Bxd7 22. Qc5 Qxc5 23. Rxc5 a4 24. Bc2 Rfd8 25. Be4 Bf8 26. Rc2 b4 27. axb4 Rxb4 28. Ne5 Be8 29. Bxc6 Rc8 30. Bxa4 Rxc2 31. Bxc2 Rxb2 32. Be4 f6 33. Nf3 f5 34. Bd5 Bd6 35. g3 Kg7 36. Ra1 g5 37. Ra7+ Kf6 38. Ra6 Ke7 39. Ra7+ Kf6 40. Kg2 Bb5 41. g4 fxg4 42. hxg4 Rb1 43. Rf7+ Kg6 44. Be4+ Kxf7 45. Bxb1 Kf6 46. e4 Bf4 47. e5+ Ke7 48. d5 Be2 49. d6+ Kd8 50. Nd4 Bxg4 51. Bd3 Bd7 52. e6 Bxd6 53. exd7 Kxd7 54. Nf5 Bf8 55. Kg3 Ke6 56. Kg4 Ke5 57. f3 Kf6 58. Ng3 Ke5 59. Ba6 Kf6 60. Bc8 Ke5 61. Ne2 Kf6 62. Kh5 Ke5 63. Bg4 Kf6 64. Ng3 Ke5 65. Nf5 Kf4 66. Nxh6 Bd6 67. Nf7 Be7 68. Kg6 Ba3 69. Nxg5 Bb2 70. Ne6+ Kg3 71. Kf5 Bc1 72. Nd4 Be3 73. Nc2 Bd2 74. Bh5 Bc1 75. Nd4 Kh4 76. Be8 Be3 77. Ne2 Kh3 78. Ke4 Bh6 79. Bd7+ Kh4 80. Nd4 Kg5 81. Be8 Kf6 82. f4 Bf8 83. Bb5 Ba3 84. f5 Bb2 85. Nf3 Ba1 86. Kf4 Bb2 87. Kg4 Bc1 88. Nd4 Be3 89. Nb3 Ke5 90. Na5 Kf6 91. Nc4 Bc5 92. Nd2 Ke5 93. Bd7 Bb4 94. Nf3+ Kf6 95. Kf4 Bd6+ 96. Ke4 Bg3 97. Bc8 Bc7 98. Nd2 Ba5 99. Nc4 Bc7 100. Ne3 Bh2 101. Nd5+ Kf7 102. Be6+ Kf8 103. f6 Bg1 104. Kf5 Bd4 105. f7 Ba1 106. Nf4 1-0


[Site "https://www.chess.com"]

[Event "Titled Tuesday Blitz July 4 Late 2023"]
[White "Camacho Collados, Marcos"]
[Black "Rustemov, Alexander"]
[WhiteFideId "2266237"]
[BlackFideId "4119002"]
[WhiteElo "2526"]
[BlackElo "2799"]
[Result "0-1"]
[Round "2"]
[TimeControl "180+2"]
[Date "2023.07.04"]
[WhiteClock "0:00:00"]
[BlackClock "0:00:59"]
[Board "44"]

1. Nf3 d5 2. g3 Nf6 3. Bg2 Bf5 4. c4 dxc4 5. Qa4+ Nbd7 6. O-O c6 7. Qxc4 e6 8. Nc3 Be7 9. d3 h6 10. e4 Bh7 11. Bf4 Nb6 12. Qb3 Qxd3 13. Ne5 Qa6 14. a4 Qa5 15. Nc4 Qb4 16. Qxb4 Bxb4 17. Nd6+ Bxd6 18. Bxd6 Nc4 19. Bc5 b6 20. Ba3 e5 21. Rfd1 Rd8 22. Rxd8+ Kxd8 23. f3 Kc7 24. Bf1 Nxa3 25. Rxa3 a5 26. Ra1 Nd7 27. Rc1 Nc5 28. Bc4 f6 29. Kf2 Rd8 30. Ke3 Rd4 31. b3 Bg6 32. h4 Kd6 33. Ne2 Rxc4 34. bxc4 Nxa4 0-1


[Site "https://www.chess.com"]

[Event "Titled Tuesday Blitz July 4 Late 2023"]
[White "Hambleton, Aman"]
[Black "Brunner, Nicolas"]
[WhiteFideId "2606577"]
[BlackFideId "620246"]
[WhiteElo "2796"]
[BlackElo "2526"]
[Result "1-0"]
[Round "2"]
[TimeControl "180+2"]
[Date "2023.07.04"]
[WhiteClock "0:00:06"]
[BlackClock "0:00:00"]
[Board "45"]

1. d4 Nf6 2. Bf4 e6 3. e3 b6 4. Nf3 Bb7 5. h3 c5 6. c3 d6 7. Bh2 Nbd7 8. Nbd2 Be7 9. Bd3 O-O 10. O-O Qc7 11. Re1 Rfe8 12. Qe2 Bf8 13. e4 e5 14. dxe5 Nxe5 15. Bxe5 dxe5 16. Ba6 Bxa6 17. Qxa6 Rad8 18. Nc4 g6 19. a4 Bh6 20. a5 Re6 21. axb6 axb6 22. Qa7 Qxa7 23. Rxa7 Rd7 24. Ra8+ Kg7 25. Rb8 Nh5 26. g3 f6 27. Nxb6 Ra7 28. Rd1 f5 29. Nc4 fxe4 30. Nfxe5 Rae7 31. Ng4 Nf6 32. Nxh6 Kxh6 33. Rb5 Rc7 34. Kf1 Kg5 35. Ke2 h5 36. Ne3 h4 37. Nd5 Rd7 38. Rxc5 Nxd5 39. Rdxd5+ Rxd5 40. Rxd5+ Kf6 41. gxh4 Ra6 42. Rd4 Ra2 43. Rb4 Ke5 44. Ke3 Ra1 45. Rxe4+ Kd5 46. Rb4 Kc5 47. Kf3 Rh1 48. Kg2 Re1 49. Rg4 Re6 50. b4+ Kb5 51. Kg3 Ka4 52. Rg5 Kb3 53. Rc5 Rd6 54. f3 Rd1 55. b5 Rg1+ 56. Kf2 1-0


[Site "https://www.chess.com"]

[Event "Titled Tuesday Blitz July 4 Late 2023"]
[White "Tristan, Leonardo"]
[Black "Hajiyev, Kanan"]
[WhiteFideId "113816"]
[BlackFideId "13404148"]
[WhiteElo "2786"]
[BlackElo "2522"]
[Result "0-1"]
[Round "2"]
[TimeControl "180+2"]
[Date "2023.07.04"]
[WhiteClock "0:00:06"]
[BlackClock "0:01:45"]
[Board "46"]

1. d4 Nf6 2. Nf3 c5 3. c3 cxd4 4. cxd4 d5 5. Nc3 Nc6 6. Bf4 g6 7. e3 Bg7 8. h3 O-O 9. Bd3 Nd7 10. Nxd5 e5 11. dxe5 Qa5+ 12. Nc3 Ndxe5 13. Nxe5 Nxe5 14. O-O Rd8 15. Bxe5 Bxe5 16. Qc2 Be6 17. a3 Rac8 18. Rfc1 b5 19. Bf1 a6 20. Qe4 Bxc3 21. bxc3 Rxc3 22. Qb4 Qxb4 23. axb4 Rxc1 24. Rxc1 Rd6 25. g4 g5 26. Rc5 Kf8 27. Rxg5 Ke7 28. Rc5 Kd7 29. Kg2 Rc6 30. Rxc6 Kxc6 31. Bd3 h6 32. Kf3 Kb6 33. Kf4 a5 34. bxa5+ Kxa5 35. Ke5 b4 36. f4 b3 37. f5 Bd7 38. Kf6 Bb5 39. Bb1 Bc4 40. Kg7 Kb4 41. Kxh6 Kc3 42. Kg5 Bd3 43. h4 Bxb1 44. h5 b2 45. h6 Bxf5 46. gxf5 b1=Q 47. Kf6 Qh1 48. Kg7 Qh5 49. h7 Qg5+ 50. Kxf7 Qxf5+ 51. Kg7 Qg5+ 52. Kh8 Qg6 53. e4 Qf7 54. e5 Qf8# 0-1


[Site "https://www.chess.com"]

[Event "Titled Tuesday Blitz July 4 Late 2023"]
[White "Bilan, Danila"]
[Black "Raja Rithvik R"]
[WhiteFideId "24161918"]
[BlackFideId "35007394"]
[WhiteElo "2521"]
[BlackElo "2782"]
[Result "0-1"]
[Round "2"]
[TimeControl "180+2"]
[Date "2023.07.04"]
[WhiteClock "0:00:00"]
[BlackClock "0:00:18"]
[Board "47"]

1. d4 Nf6 2. Nf3 e6 3. Bg5 h6 4. Bh4 b6 5. e3 Bb7 6. Nbd2 d6 7. Bd3 Nbd7 8. c3 Be7 9. O-O e5 10. e4 O-O 11. Qc2 Nh5 12. Bg3 Bf6 13. Rad1 Qe7 14. Rfe1 g6 15. Nf1 Nxg3 16. hxg3 Bg7 17. Ne3 Rae8 18. Nd5 Qd8 19. dxe5 Nxe5 20. Nxe5 Rxe5 21. f4 Re6 22. Qa4 a5 23. Bb5 Bc8 24. Qc4 c5 25. Qb3 Bb7 26. Bc4 Bxd5 27. Bxd5 Re7 28. e5 Qc7 29. Re4 dxe5 30. Rde1 Kh7 31. fxe5 Rxe5 32. Rxe5 Bxe5 33. Bxf7 Bxg3 34. Bd5 Bf2+ 35. Kh1 Bxe1 0-1


[Site "https://www.chess.com"]

[Event "Titled Tuesday Blitz July 4 Late 2023"]
[White "Plat, Vojtech"]
[Black "Principe, Gerson"]
[WhiteFideId "325740"]
[BlackFideId "3804550"]
[WhiteElo "2777"]
[BlackElo "2520"]
[Result "0-1"]
[Round "2"]
[TimeControl "180+2"]
[Date "2023.07.04"]
[WhiteClock "0:02:02"]
[BlackClock "0:00:14"]
[Board "48"]

1. b3 d5 2. Bb2 c6 3. e3 Bf5 4. Nf3 e6 5. h3 Nd7 6. Bd3 Bxd3 7. cxd3 Ngf6 8. O-O Bd6 9. d4 Qc7 10. d3 O-O 11. Nbd2 e5 12. dxe5 Nxe5 13. Nxe5 Bxe5 14. Bxe5 Qxe5 15. Nf3 Qc7 16. Qd2 a5 17. Rfc1 Rfe8 18. a3 Qb6 19. Rab1 Rac8 20. b4 axb4 21. axb4 Qd8 22. Nd4 Qd7 23. Nb3 b6 24. Rc2 Rc7 25. Rbc1 Rec8 26. Rc3 Ne8 27. Ra1 Nd6 28. Ra6 Nb5 29. Rc1 Rb8 30. Qb2 h6 31. Qe5 Qc8 32. Rca1 Qe6 33. Qf4 Qd7 34. Nd4 Nxd4 35. Qxd4 c5 36. bxc5 bxc5 37. Qf4 c4 38. Rd6 Qe7 39. Rxd5 c3 40. Rc1 c2 41. e4 Rb1 42. Kh2 Rxc1 43. Qxc1 Qb4 44. Rd8+ Kh7 45. Qf4 Qe7 46. Re8 Qc5 47. e5 Qc6 48. e6 fxe6 49. Qf8 c1=Q 50. Qg8+ Kg6 51. Rxe6+ Qxe6 52. Qxe6+ Kh7 53. Qe4+ Kh8 54. d4 Qg5 55. Qe8+ Kh7 56. Qe4+ Qg6 57. Qe5 Rf7 58. f4 Qf6 59. Qe4+ Qf5 60. Qxf5+ Rxf5 61. Kg3 Rd5 62. Kf3 Rxd4 63. Ke3 Ra4 64. g4 Ra3+ 65. Ke4 Ra2 66. h4 Ra4+ 67. Kf5 Ra5+ 68. Ke4 Ra6 69. h5 Kg8 70. f5 Kf7 71. Kf4 Ra5 72. g5 Ra4+ 73. Ke5 hxg5 0-1


[Site "https://www.chess.com"]

[Event "Titled Tuesday Blitz July 4 Late 2023"]
[White "Kirillov, Dmitry"]
[Black "Gorovets, Andrey"]
[WhiteFideId "34180572"]
[BlackFideId "13504037"]
[WhiteElo "2520"]
[BlackElo "2772"]
[Result "1-0"]
[Round "2"]
[TimeControl "180+2"]
[Date "2023.07.04"]
[WhiteClock "0:00:54"]
[BlackClock "0:01:11"]
[Board "49"]

1. d4 f5 2. e4 fxe4 3. Nc3 Nf6 4. Bg5 Nc6 5. d5 Ne5 6. f4 exf3 7. Nxf3 Nxf3+ 8. Qxf3 e5 9. dxe6 dxe6 10. Ne4 Be7 11. Bb5+ c6 12. Bd3 Nxe4 13. Bxe7 Qa5+ 14. b4 Qe5 15. O-O Qd4+ 16. Kh1 Nf2+ 17. Rxf2 Qxa1+ 18. Bf1 Kxe7 19. Qf7+ Kd6 20. Rd2+ Ke5 21. Qxg7+ 1-0


[Site "https://www.chess.com"]

[Event "Titled Tuesday Blitz July 4 Late 2023"]
[White "Halkias, Stelios"]
[Black "Poeta, Caio Medeiros"]
[WhiteFideId "4201809"]
[BlackFideId "2142660"]
[WhiteElo "2768"]
[BlackElo "2520"]
[Result "1-0"]
[Round "2"]
[TimeControl "180+2"]
[Date "2023.07.04"]
[WhiteClock "0:00:53"]
[BlackClock "0:00:37"]
[Board "50"]

1. Nf3 Nf6 2. c4 c5 3. Nc3 g6 4. e4 Bg7 5. d4 d6 6. d5 O-O 7. h3 a6 8. Bd3 b5 9. O-O bxc4 10. Bxc4 Nbd7 11. a4 a5 12. Re1 Nb6 13. Ba2 Nfd7 14. Bg5 Ne5 15. Nxe5 Bxe5 16. Qd2 Bd7 17. f4 Bd4+ 18. Kh1 Nxa4 19. Nxa4 Bxa4 20. e5 f6 21. Bh6 Re8 22. Bc4 Bd7 23. e6 Bc8 24. f5 Rb8 25. fxg6 hxg6 26. Qd3 Kh7 27. Bc1 f5 28. Qd2 Bg7 29. Ra3 Rh8 30. Rg3 Rb4 31. Qg5 Qe8 32. Bd3 Rf8 33. Rf1 Rf6 34. Rxf5 Rd4 35. Rxf6 Bxf6 36. Qh6+ Kg8 37. Bxg6 Rd1+ 38. Kh2 Be5 39. Bf7# 1-0


[Site "https://www.chess.com"]

[Event "Titled Tuesday Blitz July 4 Late 2023"]
[White "Arencibia Monduy, Antonio"]
[Black "Milikow, Yoav"]
[WhiteFideId "3507939"]
[BlackFideId "2822237"]
[WhiteElo "2520"]
[BlackElo "2768"]
[Result "1-0"]
[Round "2"]
[TimeControl "180+2"]
[Date "2023.07.04"]
[WhiteClock "0:00:03"]
[BlackClock "0:00:17"]
[Board "51"]

1. e4 e6 2. d4 d5 3. e5 c5 4. c3 Qb6 5. Nf3 Nc6 6. Bd3 cxd4 7. O-O Bd7 8. a3 Nge7 9. b4 dxc3 10. Nxc3 Ng6 11. Re1 Be7 12. Bb2 Nf4 13. Na4 Qd8 14. Bc2 g5 15. Rc1 g4 16. Nd4 h5 17. Nc5 Bxc5 18. bxc5 a6 19. Rb1 Rb8 20. Bc1 Ng6 21. Nxc6 Bxc6 22. Qd4 O-O 23. Bh6 Re8 24. h3 Qh4 25. g3 Qxh3 26. Bd3 Bb5 27. Rxb5 axb5 28. Bf1 Nh4 29. gxh4 Qf3 30. Re3 Qf5 31. Bd3 Kh7 32. Bxf5+ exf5 33. Bf4 Kg6 34. Qxd5 Rbd8 35. Qxb7 Re6 36. Qxb5 Rd4 37. Bg5 f4 38. Qb2 Rc4 39. Qb1+ Kg7 40. Rb3 Rxe5 41. Rb6 Ree4 42. Bh6+ Kh7 43. Rc6 Kg8 44. Kg2 Rcd4 45. Rc8+ Kh7 46. Bg5 Kg7 47. Qb8 f3+ 48. Kg3 Rd1 49. Rg8+ Kh7 50. Rh8+ Kg6 51. Qg8+ Kf5 52. Qxf7+ Ke5 53. Re8+ Kd4 54. Qd7+ Kc3 55. Bf6+ Kc2 56. Qxd1+ 1-0


[Site "https://www.chess.com"]

[Event "Titled Tuesday Blitz July 4 Late 2023"]
[White "Morefield, Jason"]
[Black "Sanchez Enriquez, Oscar Gerardo"]
[WhiteFideId "30920825"]
[BlackFideId "5106311"]
[WhiteElo "2753"]
[BlackElo "2518"]
[Result "1-0"]
[Round "2"]
[TimeControl "180+2"]
[Date "2023.07.04"]
[WhiteClock "0:00:05"]
[BlackClock "0:00:26"]
[Board "52"]

1. d4 e6 2. e4 d5 3. Nc3 Bb4 4. e5 c5 5. a3 Bxc3+ 6. bxc3 Qa5 7. Bd2 Qa4 8. h4 Ne7 9. h5 h6 10. Bd3 cxd4 11. Rh4 Nbc6 12. Nf3 Nf5 13. Rf4 Bd7 14. cxd4 Rc8 15. Kf1 Na5 16. Bxa5 Qxa5 17. Qe1 Qc3 18. Qxc3 Rxc3 19. Ke1 O-O 20. Kd2 Rfc8 21. g4 Ne7 22. Rg1 Ba4 23. Ne1 Kf8 24. g5 hxg5 25. Rxg5 a6 26. Rfg4 Nf5 27. Bxf5 exf5 28. Rg3 Rxg3 29. Rxg3 Bd7 30. Nd3 b6 31. Nb4 Be6 32. Nxa6 Rc4 33. Rd3 f4 34. c3 Ra4 35. Nb4 Rxa3 36. Rf3 Kg8 37. Rxf4 Kh7 38. Rh4 Kh6 39. f4 Ra5 40. Kc2 Bf5+ 41. Kb3 Be4 42. c4 dxc4+ 43. Kxc4 Ra1 44. d5 Rc1+ 45. Kd4 Bg2 46. d6 Rd1+ 47. Kc4 Bf1+ 48. Kc3 Bb5 49. Rh2 Rc1+ 50. Rc2 Rf1 51. Nd5 Ba4 52. Ra2 Bc6 53. Nxb6 Rxf4 54. d7 Bxd7 55. Nxd7 Rf5 56. Rg2 Rxh5 57. Kd4 Rh1 58. Kd5 Rd1+ 59. Kc6 g6 60. Nf6 Kg7 61. Ne4 Re1 62. Kd5 Rd1+ 63. Rd2 Ra1 64. Nd6 Ra5+ 65. Ke4 Ra4+ 66. Rd4 Ra1 67. Rc4 Re1+ 68. Kd5 Rd1+ 69. Kc6 g5 70. Kd7 Kg6 71. Ke7 Re1 72. Nxf7 g4 73. Rxg4+ Kf5 74. Rg5+ Kf4 75. e6 Ra1 76. Kf6 Ra5 77. Rxa5 1-0


[Site "https://www.chess.com"]

[Event "Titled Tuesday Blitz July 4 Late 2023"]
[White "Novik, Maxim"]
[Black "Mahdavi, Reza"]
[WhiteFideId "4102924"]
[BlackFideId "12595926"]
[WhiteElo "2517"]
[BlackElo "2735"]
[Result "0-1"]
[Round "2"]
[TimeControl "180+2"]
[Date "2023.07.04"]
[WhiteClock "0:00:00"]
[BlackClock "0:00:08"]
[Board "53"]

1. d3 Nf6 2. Nf3 g6 3. g3 Bg7 4. Bg2 O-O 5. O-O d6 6. c4 e5 7. Nc3 Nc6 8. Rb1 Be6 9. Bg5 a5 10. a3 h6 11. Bxf6 Bxf6 12. b4 axb4 13. axb4 Ne7 14. Nd2 c6 15. b5 Qd7 16. Nde4 Bg7 17. Nd2 d5 18. Qc2 Nf5 19. e3 d4 20. exd4 Nxd4 21. Qd1 Ra3 22. Nde4 Bg4 23. Qc1 Rfa8 24. bxc6 bxc6 25. Re1 Nf3+ 26. Bxf3 Bxf3 27. Qe3 Bg4 28. Nc5 Qf5 29. N3e4 Kh7 30. Rb7 Ra1 31. Nd6 Qf3 32. Rbb1 Rxb1 33. Rxb1 Qxe3 34. fxe3 f5 35. Rb7 Kg8 36. Ne6 Bf6 37. c5 f4 38. Ne4 Bh8 39. gxf4 Bxe6 40. fxe5 Bd5 41. Nf6+ Bxf6 42. exf6 Bf7 43. Kf2 Rd8 44. d4 Bd5 45. Kg3 Rf8 46. Rg7+ Kh8 47. Rxg6 Kh7 48. Rg7+ Kh8 49. Rg6 Re8 50. Rxh6+ Kg8 51. Kf2 Kf7 52. h4 Ra8 53. Kg3 Re8 0-1


[Site "https://www.chess.com"]